 Dungeon Crawl Stone Soup version 0.31-a0-16-g6d2539766c (webtiles) character file.

Game seed: 13276759194232681812

24 mandoloar the Insei (level 3, 24/24 HPs)
             Began as an Octopode Transmuter on May 8, 2023.
             Was a High Priest of Ignis.
             Quit the game on level 1 of the Dungeon.
             The game lasted 00:02:09 (1357 turns).

mandoloar the Insei (Octopode Transmuter)           Turns: 1357, Time: 00:02:10

Health: 24/24      AC:  1    Str:  9    XL:     3   Next: 2%
Magic:  6/6        EV: 13    Int: 17    God:    Ignis [*****.]
Gold:   20         SH:  0    Dex: 12    Spells: 3/6 levels left

rFire   + .          .
                       - Unarmed
rCold   . . .        (no shield)
rNeg    . . .        (helmet restricted)
rPois   .            (no amulet)
rElec   .            (no ring)
rCorr   .            (no ring)
SInv    .            (no ring)
Will    .....        (no ring)
Stlth   ++           (no ring)
HPRegen 0.24/turn    (no ring)
MPRegen 0.10/turn    (no ring)
                     (no ring)

%: no passive effects
@: no status effects
A: almost no armour, amphibious, 8 rings, camouflage 1, gelatinous body 1,
(nimble swimmer 1), tentacles
a: Renounce Religion, Fiery Armour, Foxfire Swarm, Rising Flame


You were on level 1 of the Dungeon.
You worshipped Ignis.
Ignis was extremely pleased with you.
You visited 1 branch of the dungeon, and saw 1 of its levels.

You collected 20 gold pieces.

Inventory:

Hand Weapons
 a - a +0 dagger
 b - a +0 sling
Missiles
 l - 24 stones
Scrolls
 d - a scroll of poison {unknown}
 e - a scroll of acquirement {unknown}
 f - 2 scrolls of identify {unknown}
 h - a scroll of blinking {unknown}
 i - a scroll of fog {unknown}
 j - a scroll of fear {unknown}
Potions
 c - a potion of mutation {unknown}
 g - a potion of lignification
 k - 2 potions of degeneration {unknown}


   Skills:
 + Level 2.1 Fighting
 - Level 2.0 Dodging
 - Level 3.0 Unarmed Combat
 - Level 2.0 Spellcasting
 + Level 2.7 Transmutations


You had 3 spell levels left.
You knew the following spells:

 Your Spells              Type           Power      Damage    Failure   Level
a - Beastly Appendage     Tmut           22%        N/A       6%          1
b - Wereblood             Tmut           11%        N/A       10%         2

Your spell library contained the following spells:

 Spells                   Type           Power      Damage    Failure   Level
 Spider Form              Tmut/Pois      6%         N/A       32%         3
 Ice Form                 Ice/Tmut       6%         N/A       73%         4


Dungeon Overview and Level Annotations

Branches:
Dungeon (1/15)

Altars:
Ignis


Innate Abilities, Weirdness & Mutations

You cannot wear most types of armour.
You are amphibious.
You can wear up to eight rings at the same time.
Your skin changes colour to match your surroundings (Stealth+).
Your rubbery body absorbs attacks. (AC +1, EV +1)
((You are camouflaged when in or above water. (Stealth+)))
You have tentacles for arms and can constrict up to eight enemies at once.


Message History

The endoplasm is severely wounded.
The endoplasm freezes you.
You are frozen.
You tentacle-slap the endoplasm.
You kill the endoplasm!
Your transformation is almost over.
A goblin comes into view. It is wielding a +0 club.
Casting: Beastly Appendage (safe; 7% risk of failure)
Confirm with . or Enter, or press ? or * to list all spells.
You extend your transformation's duration.
The helpless goblin fails to defend itself.
You tentacle-slap the goblin. You grab the goblin.
You pierce the goblin.
The goblin is severely wounded.
You constrict the goblin.
You kill the goblin!
You have reached level 3!
Your experience leads to an increase in your attributes!
Increase (S)trength, (I)ntelligence, or (D)exterity?
You feel clever. x2
Your transformation is almost over.
Your tentacle spike disappears.
You see here a +0 club.
l - 24 stones (gained 5)
Found a barding.
There is an open door here.
k - 2 glowing orange potions Done exploring.
Done exploring.
Search for what [Enter for "."]? .
Search for what [Enter for "."]? .
Search for what [Enter for "."]? .
There is a huge open gate here.
There is a huge open gate here.
There is a faded altar of an unknown god here.
This altar belongs to (a) Dithmenos, (b) Cheibriados or (c) Ignis, but you can't tell which.
Press the corresponding letter to learn more about a god, or press enter to convert or escape to cancel.
Ignis accepts your prayer! Ignis welcomes you!
Unknown command.
Press < or > to pray at altars.
Are you sure you want to abandon this character and quit the game? (Confirm with "yes".)

###.^...######.....#.######......
##............#....# ##.##.#
##..........###.### #.####
##...#####.# #.# #.# ##'##
##.###.## #.# #.# #.......#
#.#### #.# #.'''''.### #.....
#######.## #.'''''...# #..##.
.........## #.''@''.#.# #....#
.####.....# #.'''''.#.# ##.##.
.#####...## #.'''''...# #.##.
.....##.#####......#### #.###
.###..........###### #.#
........####### #.### #########
#.... #####


There were no monsters in sight!

Vanquished Creatures
  2 ball pythons (D:1)
  2 bats (D:1)
  7 endoplasms (D:1)
  2 hobgoblins (D:1)
  2 frilled lizards (D:1)
  4 goblins (D:1)
  2 rats (D:1)
21 creatures vanquished.

Notes
Turn   | Place    | Note
-------+----------+-------------------------------------------
     0 | D:1      | mandoloar the Octopode Transmuter began the quest for the
                  | Orb.
     0 | D:1      | Reached XP level 1. HP: 13/13 MP: 3/3
   203 | D:1      | Reached XP level 2. HP: 17/18 MP: 3/5
   242 | D:1      | Found a faded altar of an unknown god.
   538 | D:1      | Learned a level 2 spell: Wereblood
  1047 | D:1      | Reached XP level 3. HP: 24/24 MP: 4/6
  1356 | D:1      | Prayed at the altar of an unknown god.
  1356 | D:1      | Became a worshipper of Ignis, the Dying Flame
  1357 | D:1      | Quit the game

Illustrated notes

Levels and vault maps discovered:
D:1:      zelgadis_glass_arrival_small, layout_loops_corners,
          hellmonk_ecumenical_altar_heavens_door, bh_walls_and_bars

Skill      XL: |  1  2 |
---------------+-------+-----
Fighting       | 2 |  2.1
Dodging        | |  2.0
Unarmed Combat | |  3.0
Spellcasting   | |  2.0
Transmutations | |  2.7

Action                     || total
---------------------------++-------
  Melee: Unarmed           ||    35
         Kick              ||    10
         Tentacles         ||     6
         Constrict         ||     6
   Cast: Beastly Appendage ||    20
   Stab: Sleeping          ||     5
 Armour: Skin              ||     2
  Dodge: Dodged            ||    13

Table legend: (Time is in decaauts)
 A = Elapsed time spent in this place.
 B = Non-inter-level travel time spent in this place.
 C = Inter-level travel time spent in this place.
 D = Time resting spent in this place.
 E = Time spent auto-exploring this place.
 F = Levels seen in this place.
 G = Mean time per level.
                   A        B        C        D        E       F      G
               +--------+--------+--------+--------+--------+-----+--------+
         Total |   1355 |   1270 |     85 |    223 |    908 |   1 | 1355.0 |
       Dungeon |   1355 |   1270 |     85 |    223 |    908 |   1 | 1355.0 |
               +--------+--------+--------+--------+--------+-----+--------+

Top non-repeatable levels by time:
     D:1: 1355 daAuts
